 Dungeon Crawl Stone Soup version 0.29-a0-121-g8efb068a30 (webtiles) character file.

Game seed: 9279250590298967948

226 horus123 the Digger (level 5, -5/57 HPs)
             Began as a Draconian Earth Elementalist on Feb 20, 2022.
             Killed from afar by Dowan (16 damage)
             ... with a shard of ice
             ... on level 4 of the Dungeon.
             The game lasted 00:06:59 (3176 turns).

horus123 the Digger (Draconian Earth Elementalist)  Turns: 3176, Time: 00:07:01

Health: -5/57      AC:  7    Str: 10    XL:     5   Next: 69%
Magic:  0/11       EV: 12    Int: 17    God:
Gold:   61         SH:  0    Dex: 12    Spells: 6/12 levels left

rFire   . . .      SeeInvis .   a - +2 trident (freeze)
rCold   . . .      Faith    .   (no shield)
rNeg    . . .      Spirit   .   (armour unavailable)
rPois   .          Reflect  .   (helmet restricted)
rElec   .          Harm     .   (no cloak)
rCorr   .          Rampage  .   l - +1 pair of gloves
Will    .....                   (no boots)
Stlth   ..........              (no amulet)
HPRegen 0.19/turn               (no ring)
MPRegen 0.12/turn               (no ring)

@: berserking, very slightly contaminated, very quick
A: AC +5, unfitting armour, cold-blooded
a: no special abilities


You were on level 4 of the Dungeon.
You visited 1 branch of the dungeon, and saw 4 of its levels.

You collected 196 gold pieces.
You spent 135 gold pieces at shops.

Inventory:

Hand Weapons
 a - a +2 trident of freezing (weapon)
Missiles
 b - 124 stones
Armour
 l - a +1 pair of gloves (worn)
Scrolls
 e - 3 scrolls of teleportation
 h - a scroll of vulnerability {unknown}
 j - a scroll of enchant weapon {unknown}
 k - a scroll of noise
 m - a scroll of fog {unknown}
Potions
 c - 2 potions of berserk rage
 d - 2 potions of curing {unknown}
 f - 2 potions of magic {unknown}
 g - a potion of degeneration {unknown}
 i - 2 potions of haste {unknown}


   Skills:
 - Level 1.7 Dodging
 - Level 1.7 Stealth
 - Level 4.0 Spellcasting
 - Level 1.0 Transmutations
 + Level 2.7 Air Magic
 - Level 4.1 Earth Magic


You had 6 spell levels left.
You knew the following spells:

 Your Spells              Type           Power      Damage    Failure   Level
a - Sandblast             Erth           34%        2d9       2%          1
b - Stone Arrow           Conj/Erth      20%        3d8       21%         3
c - Corpse Rot            Necr/Air       16%        N/A       14%         2

Your spell library contained the following spells:

 Spells                   Type           Power      Damage    Failure   Level
 Passwall                 Tmut/Erth      10%        N/A       9%          2
 Poisonous Vapours        Pois/Air       16%        N/A       14%         2
 Wereblood                Tmut           6%         N/A       16%         2
 Sublimation of Blood     Necr           3%         N/A       24%         2
 Petrify                  Tmut/Erth      12%        N/A       47%         4
 Summon Hydra             Summ           1%         N/A       100%        7


Dungeon Overview and Level Annotations

Branches:
Dungeon (4/15)
 Temple: D:4-7

Altars:
Trog

Shops:
D:1 ?   D:2 =   D:4 [

Annotations:
D:4 Dowan


Innate Abilities, Weirdness & Mutations

Your plain brown scales are hard. (AC +5)
You cannot fit into any form of body armour.
You are cold-blooded and may be slowed by cold attacks.


Message History

The blast of sand hits Duvessa but does no damage.
Duvessa is severely wounded.
Dowan casts a spell.
Dowan blinks!
Duvessa hits you with a +0 short sword.
The blast of sand hits Duvessa.
Duvessa is severely wounded.
Duvessa gestures with her weapon.
Duvessa hits you with a +0 short sword.
The blast of sand hits Duvessa.
Duvessa is almost dead.
Duvessa hits you with a +0 short sword!
* * * LOW HITPOINT WARNING * * *
Aiming: Sandblast (safe; 2% risk of failure)
Press: ? - help, Q - select action, (/) - cycle Shift-Dir - straight line, f/p - Duvessa
Aim: Duvessa, wielding a +0 short sword and wearing a +0 leather armour (almost dead, 82% to hit)
The blast of sand misses Duvessa.
The blast of sand misses Dowan.
Duvessa hits you but does no damage.
Aiming: Sandblast (safe; 2% risk of failure)
Press: ? - help, Q - select action, (/) - cycle Shift-Dir - straight line, f/p - Duvessa
Aim: Duvessa, wielding a +0 short sword and wearing a +0 leather armour (almost dead, 82% to hit)
You miscast Sandblast.
You are very lightly contaminated with residual magic.
Nothing appears to happen.
Duvessa hits you with a +0 short sword.
* * * LOW HITPOINT WARNING * * *
You don't have enough magic to cast this spell.
Unknown command.
Unknown command.
A red film seems to cover your vision as you go berserk!
You feel yourself moving faster!
You feel mighty!
Dowan smirks and points a slender finger.
Duvessa hits you with a +0 short sword.
* * * LOW HITPOINT WARNING * * *
You hit Duvessa. You freeze Duvessa. You tail-slap Duvessa.
You kill Duvessa!
Dowan screams, "No!
No!"
Dowan seems to find hidden reserves of power!
Dowan points at you and mumbles some strange words.
The shard of ice hits you!
You die...

#..........>......#
#..............##.##
#.............).....
##.##..........>.∩.<
#.##...............
#.##...............
#..#..........##...
##.#..........##...
#@######..#####...
#e# ##.# #... #.##
#.# #... #..# #..
#... ######.### #.#
###. ..........# #.
.########..# # #.#
.#


You could see Dowan (fast).

Vanquished Creatures
  Duvessa (D:4)
  A black bear (D:4)
  6 adders
  2 worms (D:2)
  3 dart slugs
  An orc (D:3)
  5 endoplasms
  3 giant cockroaches
  5 goblins
  6 hobgoblins
  6 jackals
  6 kobolds
  4 quokkas
  4 ball pythons
  8 bats
  3 frilled lizards
  3 rats
67 creatures vanquished.

Notes
Turn   | Place    | Note
-------+----------+-------------------------------------------
     0 | D:1      | horus123 the Draconian Earth Elementalist began the quest
                  | for the Orb.
     0 | D:1      | Reached XP level 1. HP: 14/14 MP: 3/3
   154 | D:1      | Reached XP level 2. HP: 18/20 MP: 0/5
   324 | D:1      | Found a faded altar of an unknown god.
   458 | D:1      | Found Gowuf's Magic Scroll Shoppe.
  1023 | D:2      | Reached XP level 3. HP: 26/26 MP: 7/7
  1027 | D:2      | Learned a level 3 spell: Stone Arrow
  1481 | D:2      | Reached XP level 4. HP: 33/33 MP: 10/10
  1483 | D:2      | Found Hekaveugh's Jewellery Shop.
  2467 | D:3      | Learned a level 2 spell: Corpse Rot
  2580 | D:3      | Found a bloodstained altar of Trog.
  3033 | D:4      | Reached XP level 5. HP: 35/38 MP: 11/11
  3079 | D:4      | Noticed a black bear
  3086 | D:4      | Killed a black bear
  3087 | D:4      | Found Immanek's Antique Armour Boutique.
  3100 | D:4      | Bought a pair of runed gloves for 135 gold pieces
  3153 | D:4      | Noticed Duvessa
  3157 | D:4      | Noticed Dowan
  3176 | D:4      | Killed Duvessa
  3176 | D:4      | Killed from afar by Dowan

Illustrated notes

Levels and vault maps discovered:
D:1:      eino_arrival_cavern_c, layout_basic, serial_shops, shop,
          hellmonk_ecumenical_altar_blasted
D:2:      layout_basic, serial_shops, nicolae_shop_stone
D:3:      layout_loops_corners, mainiacjoe_overflow_small_starburst,
          minmay_pentomino_pile
D:4:      minmay_inner_zag, layout_rooms, serial_shops, nicolae_stop_n_shop_2,
          kennysheep_path_1, roderic_lattice_a, minmay_close_crescents,
          uniq_duvessa, uniq_menkaure, uniq_grinder

Skill      XL: |  1  2  3  4  5 |
---------------+----------------+-----
Spellcasting   | 3 4 |  4.0
Earth Magic    | 4 |  4.1
Air Magic      | 2 |  2.7
Dodging        | |  1.7
Stealth        | |  1.7
Transmutations | |  1.0

Action                   |  1- 3 |  4- 6 || total
-------------------------+-------+-------++-------
Melee: Trident           |    50 |    75 ||   125
       Tailslap          |     2 |     7 ||     9
       Punch             |       |     1 ||     1
 Cast: Sandblast         |    21 |    17 ||    38
  Use: Scroll            |     3 |     3 ||     6
       Potion            |       |     2 ||     2
 Stab: Sleeping          |     4 |     7 ||    11
Armor: Skin              |    15 |    23 ||    38
Dodge: Dodged            |    33 |    61 ||    94

Table legend: (Time is in decaauts)
 A = Elapsed time spent in this place.
 B = Non-inter-level travel time spent in this place.
 C = Inter-level travel time spent in this place.
 D = Time resting spent in this place.
 E = Time spent auto-exploring this place.
 F = Levels seen in this place.
 G = Mean time per level.
                   A        B        C        D        E       F      G
               +--------+--------+--------+--------+--------+-----+--------+
         Total |   3221 |   3079 |    142 |    414 |   2042 |   4 |  805.2 |
       Dungeon |   3221 |   3079 |    142 |    414 |   2042 |   4 |  805.2 |
               +--------+--------+--------+--------+--------+-----+--------+

Top non-repeatable levels by time:
     D:2: 1164 daAuts
     D:1: 1024 daAuts
     D:3: 874 daAuts
     D:4: 157 daAuts
